 Dungeon Crawl Stone Soup version 0.32-a0-136-gc02482bde3 (webtiles) character file.

Game seed: 11693427478443832988

2231 PriceMaster the Firebug (level 9, 0/50 (52) HPs)
             Began as an Octopode Fire Elementalist on Feb 10, 2024.
             Slain by a wight
             ... wielding a +4 war axe
              (7 damage)
             ... on level 6 of the Dungeon on Feb 11, 2024.
             The game lasted 00:18:34 (8024 turns).

PriceMaster the Firebug (OpFE)                      Turns: 8024, Time: 00:18:35

HP:   0/50 (52)     AC:  1    Str: 11    XL:     9   Next: 36%
MP:   0/18          EV: 13    Int: 18    God:
Gold: 247           SH:  0    Dex: 12    Spells: 11/21 levels left

rFire   x . .        p - +0 spear (heavy)
rCold   + . .        (no shield)
rNeg    . . .        (helmet restricted)
rPois   .            f - amulet of magic regeneration
rElec   .            b - ring of ice
rCorr   .            q - ring of willpower
SInv    .            (no ring)
Will    +....        (no ring)
Stlth   +++          (no ring)
HPRegen 0.28/turn    (no ring)
MPRegen 0.56/turn    (no ring)
                     (no ring)

%: no passive effects
@: lethally poisoned (0 -> -6), lightly drained
A: almost no armour, amphibious, 8 rings, camouflage 1, gelatinous body 1,
(nimble swimmer 1), tentacles
a: no special abilities


You were on level 6 of the Dungeon.
You visited 1 branch of the dungeon, and saw 6 of its levels.
You also visited: Sewer.

You collected 247 gold pieces.

Inventory:

Hand Weapons
 g - a +0 spear
 p - a +0 heavy spear (weapon)
Missiles
 m - a throwing net
Jewellery
 b - a ring of ice (left tentacle)
 f - an amulet of magic regeneration (around mantle)
 q - a ring of willpower (right tentacle)
Talismans
 e - a maw talisman
Wands
 j - a wand of paralysis (6)
Scrolls
 i - a scroll of blinking
 l - a scroll of fear {unknown}
 n - a scroll of torment {unknown}
 o - a scroll of fog {unknown}
 t - a scroll of revelation {unknown}
 u - a scroll of acquirement {unknown}
Potions
 a - 3 potions of invisibility {unknown}
 h - 2 potions of enlightenment
 s - a potion of might {unknown}
 v - a potion of attraction {unknown}


   Skills:
 + Level 0.4 Fighting
 + Level 1.3 Polearms
 + Level 2.5 Dodging
 + Level 4.2 Stealth
 - Level 0.3 Unarmed Combat
 + Level 6.5 Spellcasting
 + Level 4.4 Conjurations
 + Level 2.3 Hexes
 + Level 6.6 Fire Magic
 * Level 4.3 Shapeshifting


You had 11 spell levels left.
You knew the following spells:

 Your Spells              Type           Power      Damage    Failure   Level
a - Foxfire               Conj/Fire      100%       2x1d9     1%          1
b - Scorch                Fire           58%        2d7       1%          2
c - Inner Flame           Hex/Fire       22%        N/A       5%          3
d - Flame Wave            Conj/Fire      25%        2d8       12%         4

Your spell library contained the following spells:

 Spells                   Type           Power      Damage    Failure   Level
 Volatile Blastmotes      Fire/Tloc      34%        2d12      9%          3
 Hailstorm                Conj/Ice       20%        3d7       14%         3
 Summon Ice Beast         Ice/Summ       8%         N/A       34%         3
 Summon Mana Viper        Hex/Summ       10%        N/A       89%         5
 Sculpt Simulacrum        Ice/Alch       4%         N/A       100%        6
 Monstrous Menagerie      Summ           2%         N/A       100%        7


Dungeon Overview and Level Annotations

Branches:
Dungeon (6/15)             Temple (0/1) D:4           Sewer (visited)

Altars:
Gozag
Hepliaklqana
Nemelex Xobeh
Trog
The Shining One


Innate Abilities, Weirdness & Mutations

You cannot wear most types of armour.
You are amphibious.
You can wear up to eight rings at the same time.
Your skin changes colour to match your surroundings (Stealth+).
Your rubbery body absorbs attacks. (AC +1, EV +1)
((You are camouflaged when in or above water. (Stealth+)))
You have tentacles for arms and can constrict up to eight enemies at once.


Message History

Your foxfire dissipates!
You feel very sick.
The foxfire hits the scorpion!
The scorpion is burned terribly!
The scorpion is heavily wounded.
The scorpion attacks as it pursues you! The scorpion closely misses you.
You feel better.
The scorpion is no longer more vulnerable to fire.
The scorpion barely misses you.
Okay, then.
Casting: Foxfire (safe; 1% risk of failure)
Confirm with . or Enter, or press ? or * to list all spells.
Flames lash the scorpion.
The scorpion is almost dead.
The scorpion's fire resistance burns away.
The scorpion stings you.
You are poisoned.
The scorpion poisons you!
Casting: Scorch (safe; 1% risk of failure)
Confirm with . or Enter, or press ? or * to list all spells.
You don't have enough magic to cast this spell.
Okay, then.
What are your orders? t - Shout!
Orders for allies: a - Attack new target. p - Attack previous target. r - Retreat! s - Stop attacking. g - Guard the area. f - Follow me.
Anything else - Cancel.
Okay, then.
Casting: Scorch (safe; 1% risk of failure)
Confirm with . or Enter, or press ? or * to list all spells.
You don't have enough magic to cast this spell.
You feel very sick. The scorpion attacks as it pursues you!
The scorpion stings you.
Casting: Scorch (safe; 1% risk of failure)
Confirm with . or Enter, or press ? or * to list all spells.
You conjure some foxfire!
You feel sick. The scorpion stings you. The wight hits you with a +4 war axe!!
* * * LOW HITPOINT WARNING * * *
You feel drained.
You die...

. #...# #. .#####
#...# #.
o.....####.##
#.#........#
#.#.#.#.#.####.#
#.#.)###.......#
##.#§#§#.#.######
#...§○§.##v#
#.##.○§.s@.##
#...>...zv..####
###.##.##........#
#.......#........#
#.#).............#
#.#.###.#........#
# #.....#........#
#.§............#
##.##)##.......#


You could see a scorpion (combustible, ally target) and a wight (inner flame).

Vanquished Creatures
  Sigmund (D:3)
  Eustachio (D:5)
  A water moccasin (D:6)
  An ice beast (D:5)
  A sky beast (D:6)
  2 centaurs (D:6)
  2 phantoms
  A kobold brigand (D:6)
  2 bullfrogs (Sewer)
  4 wights (D:6)
  The ghost of Larett the Insei, a weakling OpSh (D:3)
  A jelly (D:4)
  2 bombardier beetles
  5 hounds
  Ijyb (D:3)
  3 orc priests
  2 gnoll boudas (D:5)
  3 iguanas
  An orc wizard (D:3)
  11 gnolls
  6 adders
  A river rat (D:5)
  A shadow imp (D:6)
  A white imp (D:6)
  14 dart slugs
  16 orcs
  12 ball pythons
  14 endoplasms
  10 giant cockroaches
  8 goblins
  6 hobgoblins
  8 jackals
  11 kobolds
  9 quokkas
  8 bats
  9 frilled lizards
  11 rats
191 creatures vanquished.

Vanquished Creatures (others)
  757 foxfires
757 creatures vanquished.

Grand Total: 948 creatures vanquished

Notes
Turn   | Place    | Note
-------+----------+-------------------------------------------
     0 | D:1      | PriceMaster the Octopode Fire Elementalist began the quest
                  | for the Orb.
     0 | D:1      | Reached XP level 1. HP: 11/11 MP: 3/3
    68 | D:1      | Reached XP level 2. HP: 11/17 MP: 0/5
   525 | D:1      | Reached XP level 3. HP: 21/21 MP: 4/7
  1036 | D:1      | Learned a level 2 spell: Scorch
  1040 | D:1      | Learned a level 3 spell: Inner Flame
  1872 | D:2      | Reached XP level 4. HP: 25/27 MP: 8/8
  2231 | D:3      | Noticed Ijyb
  2238 | D:3      | Paralysed by Ijyb for 4 turns
  2245 | D:3      | Killed Ijyb
  2291 | D:3      | Noticed Sigmund
  2309 | D:3      | Killed Sigmund
  2310 | D:3      | Reached skill level 1 in Shapeshifting
  2310 | D:3      | Reached XP level 5. HP: 10/31 MP: 1/10
  2310 | D:3      | Reached XP level 6. HP: 12/36 MP: 1/11
  2465 | D:3      | Reached skill level 1 in Hexes
  2666 | D:3      | Found a bloodstained altar of Trog.
  2927 | D:3      | Found an opulent altar of Gozag.
  3114 | D:3      | Found a runed translucent door.
  3114 | D:3      | Noticed Larett's ghost (weakling OpSh)
  3575 | D:3      | Killed Larett's ghost
  4229 | D:4      | Found a hazy altar of Hepliaklqana.
  4244 | D:4      | Reached skill level 1 in Polearms
  4244 | D:4      | Reached XP level 7. HP: 41/41 MP: 6/13
  4447 | D:4      | Found a staircase to the Ecumenical Temple.
  4992 | D:5      | Entered Level 5 of the Dungeon
  5018 | D:5      | Noticed Eustachio
  5067 | D:5      | Killed Eustachio
  5361 | D:5      | Found a glowing drain.
  5394 | Sewer    | Entered a sewer
  5736 | Sewer    | Reached XP level 8. HP: 47/47 MP: 1/15
  5845 | D:5      | Reached skill level 5 in Spellcasting
  5859 | D:5      | Reached skill level 5 in Fire Magic
  6840 | D:6      | Found a sparkling altar of Nemelex Xobeh.
  7098 | D:6      | Found a glowing golden altar of the Shining One.
  7104 | D:6      | Reached XP level 9. HP: 20/52 MP: 0/17
  7375 | D:6      | Upgraded the game from 0.32-a0-132-g2d33c3cfaf to
                  | 0.32-a0-136-gc02482bde3
  7466 | D:6      | Learned a level 4 spell: Flame Wave
  8024 | D:6      | Slain by a wight

Illustrated notes

Levels and vault maps discovered:
D:1:      minmay_arrival_four_houses, layout_loops_ring, st_stairs_14
D:2:      minmay_skewed_foursquare, layout_basic
D:3:      layout_rooms, trog_butcher_becter, grunt_gozag_breadcrumbs,
          hellmonk_ghost_happy_afterlife, uniq_sigmund, uniq_ijyb
D:4:      layout_gridville, kennysheep_little_box, temple_statues
D:5:      layout_loops_ring, portal_sewer_entry_a, dk_noncrumbling_2,
          uniq_eustachio
D:6:      layout_loops_cross, mainiacjoe_overflow_catwalk_spiral,
          cheibrodos_worm_habitat

Skill      XL: |  1  2  3  4  5  6  7  8  9 |
---------------+----------------------------+-----
Stealth        | 3 4 |  4.2
Spellcasting   | 3 4 5 6 |  6.5
Shapeshifting  | 1 2 3 4 |  4.3
Conjurations   | 2 3 4 |  4.4
Fire Magic     | 4 6 |  6.6
Hexes          | 1 2 |  2.3
Polearms       | 1 |  1.3
Fighting       | |  0.4
Dodging        | |  2.5
Unarmed Combat | |  0.3

Action                     |  1- 3 |  4- 6 |  7- 9 || total
---------------------------+-------+-------+-------++-------
  Melee: Unarmed           |    34 |       |       ||    34
         Constrict         |    12 |       |     2 ||    14
         Tentacles         |    10 |     1 |     3 ||    14
         Spear             |     5 |     8 |    17 ||    30
         Punch             |     1 |       |       ||     1
   Cast: Foxfire           |    54 |   113 |   294 ||   461
         Scorch            |     6 |     9 |    34 ||    49
         Inner Flame       |     4 |    14 |    53 ||    71
  Evoke: Wand              |       |       |     4 ||     4
    Use: Potion            |     2 |       |    10 ||    12
         Scroll            |       |       |     5 ||     5
   Stab: Sleeping          |     1 |       |       ||     1
         Paralysed         |       |       |     2 ||     2
 Armour: Skin              |    30 |    21 |    70 ||   121
  Dodge: Dodged            |    32 |    11 |    94 ||   137
         Form:             |     2 |     1 |       ||     3
         Maw               |     2 |     1 |       ||     3

Table legend: (Time is in decaauts)
 A = Elapsed time spent in this place.
 B = Non-inter-level travel time spent in this place.
 C = Inter-level travel time spent in this place.
 D = Time resting spent in this place.
 E = Time spent auto-exploring this place.
 F = Levels seen in this place.
 G = Mean time per level.
                   A        B        C        D        E       F      G
               +--------+--------+--------+--------+--------+-----+--------+
         Total |   8031 |   7881 |    150 |   2447 |   4074 |   7 | 1147.3 |
       Dungeon |   7637 |   7487 |    150 |   2429 |   3909 |   6 | 1272.8 |
         Sewer |    394 |    394 |      0 |     18 |    165 |   1 |  394.0 |
               +--------+--------+--------+--------+--------+-----+--------+

Top non-repeatable levels by time:
     D:5: 1680 daAuts
     D:3: 1671 daAuts
     D:1: 1148 daAuts
     D:4: 1124 daAuts
     D:2: 1053 daAuts
     D:6: 959 daAuts
   Sewer: 394 daAuts
